Map: Ruins of Endion

Players

Miszu - Winner!

  • Race: Terran Terran
  • League: Master

NorthBrute

  • Race: Terran Terran
  • League: Master

VOD

Have the link to the VOD?

Description

Time

  • Played on: April 6, 2016, 2:20 p.m.
  • Length: 5:42
Show
View Real Time Build Order
Export as new Build Order

Miszu Terran - Winner!

Build Orders: 1/1/1, Liberator Opening 

Get SALT Encoding   

  12  0:00  SCV  
  13  0:12  SCV  
  14  0:17  Supply Depot  
  14  0:24  SCV  
  15  0:39  SCV  
  15  0:40  Barracks  
  16  0:43  Refinery  
  16  0:51  SCV  
  16  0:53  Refinery  
  17  1:03  SCV  
  18  1:15  SCV  
  19  1:31  Orbital Command  
  19  1:32  Marine  
  19  1:34  Factory  
  20  1:44  Supply Depot  
  20  1:51  Marine  
  21  1:58  SCV  
  22  2:09  Marine  
  22  2:10  SCV  
  22  2:11  Supply Depot  
  24  2:18  Hellion  
  26  2:24  Starport  
  26  2:27  Marine  
  27  2:32  SCV  
  30  2:44  Hellion  
  30  2:45  Marine  
  30  2:48  SCV  
  32  2:51  Supply Depot  
  32  3:00  Medivac, SCV  
  32  3:03  Marine  
  36  3:14  Hellion, SCV  
  36  3:17  Liberator  
  39  3:21  Marine  
  39  3:27  SCV  
  41  3:35  Hellion  
  41  3:39  SCV  
  47  3:47  Supply Depot  
  47  4:08  Marine  
  42  4:35  SCV  
  42  4:37  Command Center  
  42  4:40  Command Center  
  37  4:47  SCV  
  37  4:49  Factory Reactor  
  37  4:50  Starport Tech Lab, Factory Tech Lab  
  37  4:51  Barracks Reactor  
  38  4:59  SCV  
  39  5:10  Barracks  
  39  5:11  Barracks, SCV  
  40  5:19  Starport Reactor  
  40  5:23  SCV  
Show
View Real Time Build Order
Export as new Build Order

NorthBrute Terran 

Build Orders:  

Get SALT Encoding   

  12  0:00  SCV  
  13  0:13  SCV  
  14  0:18  Supply Depot  
  14  0:25  SCV  
  15  0:40  Barracks, SCV  
  16  0:44  Refinery  
  16  0:52  SCV  
  17  1:00  Barracks  
  17  1:04  SCV  
  18  1:16  SCV  
  19  1:21  Barracks  
  19  1:28  Reaper  
  20  1:37  Orbital Command  
  20  1:45  Refinery  
  20  1:47  Reaper  
  21  1:56  Supply Depot  
  21  2:03  SCV  
  21  2:06  Reaper  
  23  2:17  Reaper, SCV  
  23  2:22  Supply Depot  
  25  2:28  Reaper  
  26  2:31  SCV  
  27  2:41  Reaper  
  27  2:44  Supply Depot, Engineering Bay  
  28  2:48  SCV  
  28  2:50  Reaper  
  30  3:00  Reaper  
  30  3:22  Command Center  
  30  3:25  Barracks Reactor  
  30  3:28  SCV  
  30  3:33  Barracks Tech Lab  
  31  3:40  SCV  
  32  3:42  Factory  
  32  3:48  Barracks Tech Lab  
  31  3:51  Missile Turret  
  31  3:52  Marine, SCV  
  33  4:02  Marine x2  
  33  4:06  SCV  
  36  4:10  Marine  
  36  4:21  Marine x2  
  36  4:30  Marine  
  30  4:31  Marine  
  30  4:33  SCV  
  28  4:39  Marine x2  
  28  4:40  Orbital Command  
  26  4:47  Marine  
  26  4:49  Marine  
  29  4:52  SCV  
  29  4:59  Marine  
  30  5:04  Marine  
  31  5:14  Marine  
  31  5:16  SCV  
  31  5:21  Marine  
  31  5:22  SCV  
Tags
 
Add a new tag
Caveats
  • Supply blocks, unpowered buildings, or Contaminate may cause inaccurate times.
  • Supply counts are checked every 10 seconds.